 Dungeon Crawl Stone Soup version 0.16-a0-223-g37887f7 (webtiles) character file.

358 MDvedh the Cleaver (level 6, -5/51 HPs)
             Began as a Hill Orc Fighter on Aug 20, 2014.
             Slain by a goliath beetle (22 damage)
             ... on Level 4 of the Dungeon.
             The game lasted 00:04:07 (3802 turns).

MDvedh the Cleaver (Hill Orc Fighter)               Turns: 3802, Time: 00:04:07

HP  -5/51        AC  9     Str 25      XL: 6   Next: 64%
MP   6/6         EV  7     Int  8      God:
Gold 156         SH  9     Dex 10      Spells:  0 memorised,  5 levels left

rFire  . . .     SeeInvis .     a - +0 war axe
rCold  . . .     Clarity  +     b - +0 scale mail
rNeg   . . .     rCorr    .     c - +0 shield
rPois  .         rRot     .     (no helmet)
rElec  .         Spirit   .     (no cloak)
SustAb .         Warding  .     q - +0 pair of gloves
rMut   .         Stasis   .     y - +0 pair of boots
Gourm  .                        m - amulet of clarity
MR     .....                    (no ring)
                                u - +4 ring of strength

@: not resistant to hostile enchantments, extremely unstealthy
A: no striking features
a: no special abilities


You were on level 4 of the Dungeon.
You were not hungry.

You visited 1 branch of the dungeon, and saw 4 of its levels.

You collected 156 gold pieces.

Inventory:

Hand weapons
 a - a +0 war axe (weapon)
Armour
 b - a +0 scale mail (worn)
 c - a +0 shield (worn)
 q - a +0 pair of gloves (worn)
 y - a +0 pair of boots (worn)
Comestibles
 d - 2 meat rations
 h - a bread ration
 j - 2 beef jerkies
 B - a slice of pizza
Scrolls
 f - 2 scrolls of fog {unknown}
 g - 4 scrolls of noise {unknown}
 i - 5 scrolls of identify {unknown}
 l - a scroll of teleportation {unknown}
 n - 2 scrolls of recharging {unknown}
 r - a scroll of blinking {unknown}
 s - 3 scrolls of remove curse {unknown}
 t - 4 scrolls of enchant weapon {unknown}
 A - a scroll of magic mapping {unknown}
 E - a scroll of random uselessness {unknown}
Jewellery
 m - an amulet of clarity (around neck)
 u - a +4 ring of strength (left hand)
 x - an uncursed amulet of the gourmand {unknown}
 F - an uncursed ring of stealth {unknown}
Potions
 e - a potion of poison {unknown}
 k - 2 potions of restore abilities {unknown}
 o - a potion of brilliance {unknown}
 p - a potion of curing {unknown}
 v - a potion of mutation {unknown}
 w - a potion of beneficial mutation {unknown}
 z - a potion of confusion {unknown}
 C - a potion of agility {unknown}
 D - a potion of magic {unknown}


   Skills:
 - Level 3.6 Fighting
 + Level 9.0 Axes
 - Level 3.2 Armour
 - Level 3.2 Shields


You had 5 spell levels left.
You didn't know any spells.

Dungeon Overview and Level Annotations

Branches:
Dungeon (4/15)
 Temple: D:4-7

Altars:
Dithmenos
Trog
Yredelemnul
Zin


Message History

Done waiting.
There is a stone staircase leading down here.
You climb downwards.
The goliath beetle bites you!
There is a stone staircase leading up here.
Unknown command.
Unknown command.
Unknown command.
Unknown command.
Unknown command.
You hit the goliath beetle but do no damage.
You completely miss the goliath beetle. The goliath beetle bites you!!
You hit the goliath beetle.
The goliath beetle is lightly wounded.
You hit the goliath beetle but do no damage.
The goliath beetle is lightly wounded.
The goliath beetle bites you but does no damage.
You hit the goliath beetle.
The goliath beetle is lightly wounded.
The goliath beetle bites you!!
You die...

### #..###.
##.#####......
####.............
###.##...)%........
######......########....
............# ##<..
.............# #...
...###......## #.((.
#B@.....# #..###
#..####..# #.# # #...#
#..# #.. #..... #. ..#
....... .. .....##..
.... #. #.. #.


You could see a goliath beetle.

Vanquished Creatures
  The ghost of MDvedh the Chopper, an average HODK of Yredelemnul (D:3)
  Sigmund (D:3)
  A hound (D:3)
  6 adders
  4 worms
  5 giant geckos
  An ooze (D:2)
  3 orcs (D:3)
  A ball python (D:1)
  5 bats
  3 giant cockroaches
  9 goblins
  8 hobgoblins
  10 jackals
  3 giant newts
  10 kobolds
  2 quokkas (D:3)
  12 rats
85 creatures vanquished.

Notes
Turn   | Place    | Note
--------------------------------------------------------------
     0 | D:1      | MDvedh, the Hill Orc Fighter, began the quest for the Orb.
     0 | D:1      | Reached XP level 1. HP: 19/19 MP: 1/1
    12 | D:1      | Reached XP level 2. HP: 23/26 MP: 2/2
   291 | D:1      | Reached skill level 4 in Axes
   435 | D:1      | Reached XP level 3. HP: 23/31 MP: 3/3
  1202 | D:2      | Reached skill level 5 in Axes
  1310 | D:2      | Found a basalt altar of Yredelemnul.
  1398 | D:2      | Reached XP level 4. HP: 37/39 MP: 4/4
  1429 | D:2      | Found a glowing silver altar of Zin.
  1549 | D:2      | Reached skill level 6 in Axes
  1949 | D:3      | Reached skill level 7 in Axes
  1949 | D:3      | Reached XP level 5. HP: 28/45 MP: 5/5
  2235 | D:3      | Noticed MDvedh's ghost (average HODK)
  2243 | D:3      | Killed MDvedh's ghost
  2243 | D:3      | Reached skill level 8 in Axes
  2243 | D:3      | Reached XP level 6. HP: 35/51 MP: 6/6
  2393 | D:3      | Found a shadowy altar of Dithmenos.
  2520 | D:3      | Noticed Sigmund
  2527 | D:3      | Killed Sigmund
  2730 | D:3      | Found a bloodstained altar of Trog.
  3426 | D:4      | Reached skill level 9 in Axes
  3802 | D:4      | Slain by a goliath beetle

Action                   |  1- 3 |  4- 6 || total
-------------------------+-------+-------++-------
Melee: War axe           |   109 |   156 ||   265
  Use: Potion            |       |     1 ||     1
  Eat: Chunk             |     1 |     4 ||     5
       Bread ration      |       |     1 ||     1
